 Dungeon Crawl Stone Soup version 0.30-a0-728-gc68057be0a (webtiles) character file.

Game seed: 2122849672069227973

167 jimonade the Cutter (level 5, -7/28 HPs)
             Began as a Vine Stalker Fighter on Jan 30, 2023.
             Splashed by a jelly's acid (8 damage)
             ... on level 4 of the Dungeon.
             The game lasted 00:05:32 (3207 turns).

jimonade the Cutter (Vine Stalker Fighter)          Turns: 3207, Time: 00:05:32

Health: -7/28      AC:  0    Str: 19    XL:     5   Next: 48%
Magic:  0/6        EV: 11    Int: 10    God:
Gold:   153        SH:  0    Dex: 15    Spells: 4/4 levels left

rFire   . . .      SeeInvis +    a - +0 rapier
rCold   . . .      Faith    .    p - orb {*Rage}
rNeg    + + .      Spirit   +    y - +0 leather armour of the Valley {rPois rN++ Int+2 Stlth-}
rPois   +          Reflect  .    (no helmet)
rElec   .          Harm     .    (no cloak)
rCorr   .          Rampage  .    (no gloves)
Will    .....      Rage     20%  (no boots) Stlth
                                 (no amulet)
HPRegen 1.04/turn                m - ring of see invisible
MPRegen 0.10/turn                (no ring)

@: corroded, on berserk cooldown, slowed, very slow
A: fangs 2, regeneration 1, magic shield, antimagic bite, no potion heal 2
a: no special abilities


You were on level 4 of the Dungeon.
You visited 1 branch of the dungeon, and saw 4 of its levels.

You collected 153 gold pieces.

Inventory:

Hand Weapons
 a - a +0 rapier (weapon)
 q - a +0 sling
 t - a +0 dagger of holy wrath
Missiles
 w - 2 boomerangs (quivered)
 x - 3 javelins
Armour
 b - a +0 scale mail
 c - a +0 buckler
 n - a +0 leather armour
 p - an orb of wrath (worn)
 y - the +0 leather armour of the Valley (worn) {rPois rN++ Int+2 Stlth-}
   (You found it on level 3 of the Dungeon)

   Int:       It affects your intelligence (+2).
   rPois:     It protects you from poison.
   rN:        It greatly protects you from negative energy.
   Stlth:     It makes you less stealthy.
Jewellery
 m - a ring of see invisible (left hand)
Wands
 s - a wand of iceblast (8)
Scrolls
 f - 2 scrolls of identify
 j - a scroll of immolation {unknown}
 k - 4 scrolls of teleportation {unknown}
 r - a scroll of fear {unknown}
 u - a scroll of enchant armour {unknown}
 v - a scroll of vulnerability {unknown}
Potions
 d - a potion of might
 e - a potion of flight
 h - a potion of lignification
 l - a potion of ambrosia
 o - a potion of magic


   Skills:
 + Level 3.3 Fighting
 * Level 3.7 Short Blades
 + Level 3.1 Armour
 + Level 0.3 Dodging
 + Level 0.1 Stealth
 + Level 3.0 Shields


You had 4 spell levels left.
You didn't know any spells.
Your spell library contained the following spells:

 Spells                   Type           Power      Damage    Failure   Level
 Ignite Poison            Fire/Tmut/Pois 0%         N/A       80%         3
 Kindle Blastsparks       Fire/Tloc/Air  0%         2d10      80%         3
 Fulminant Prism          Conj/Hex       0%         3d5       99%         4
 Iskenderun's Mystic Bla  Conj/Tloc      0%         2d3       99%         4
 Sticky Flame             Conj/Fire      0%         2d3       99%         4
 Lee's Rapid Deconstruct  Erth           0%         3d4*      100%        5
 Ignition                 Fire           0%         3d3       100%        8


Dungeon Overview and Level Annotations

Branches:
Dungeon (4/15)
 Temple: D:4-7

Altars:
Nemelex Xobeh
Yredelemnul

Annotations:
D:3 exclusion: downstairs


Innate Abilities, Weirdness & Mutations

You have extremely sharp teeth.
Your natural rate of healing is unusually fast.
When hurt, damage is shared between your health and your magic reserves.
Your bite disrupts and absorbs the magic of your enemies.
Potions cannot restore your health.


Message History

You hit the adder.
You kill the adder!
You feel sick.
You are no longer poisoned.
The orc wizard hits you but does no damage.
An adder comes into view.
You barely miss the orc wizard.
The adder hisses angrily.
You bite the orc wizard, but do no damage.
You hear a shout!
The orc wizard casts a spell at you. The puff of flame hits you!
The jelly barely misses you. The jelly hits you but does no damage.
The orc wizard gestures at you while chanting.
The magic dart hits you!
You hear a shout! x2
You are too injured to fight recklessly!
You are too injured to fight recklessly!
You are too injured to fight recklessly!
You hit the jelly.
Your hands burn!
* * * LOW HITPOINT WARNING * * *
The jelly is lightly wounded.
The orc wizard closely misses you. The jelly misses you.
You hit the jelly.
Your hands burn!
* * * LOW HITPOINT WARNING * * *
The jelly is moderately wounded.
The orc wizard points at you and mumbles some strange words.
The magic dart hits you.
* * * LOW HITPOINT WARNING * * *
The jelly barely misses you. The jelly hits you but does no damage.
The orc wizard hits you with a +0 dagger.
* * * LOW HITPOINT WARNING * * *
You hit the jelly. The acid corrodes you!
Your hands burn!
* * * LOW HITPOINT WARNING * * *
You bite the jelly, but do no damage.
The jelly is heavily wounded.
The orc wizard hits you with a +0 dagger.
* * * LOW HITPOINT WARNING * * *
The jelly hits you.
You are splashed with acid!
You die...

.# ... .##########
.###....... ..........#
##.##......... #........<#
#............. ..........#
#....>........
#.........####...##.#.... .
#...........##.......#.###..
#.........#...#####.........
#.........###.@J###.........
#.........# ###ooS†.........
######..### #####.#..#...#
#...# #..#....### #...
.........# #...
..o...)......
..............##
......)........[
.........[.##.##


You could see a jelly, an orc wizard (invisible), an adder and an orc.

Vanquished Creatures
  A hound (D:4)
  5 adders
  6 dart slugs
  9 orcs (D:3)
  7 endoplasms
  4 giant cockroaches
  2 goblins (D:1)
  3 hobgoblins
  7 jackals
  5 kobolds
  2 quokkas
  4 ball pythons
  4 bats
  4 frilled lizards
  7 rats
70 creatures vanquished.

Notes
Turn   | Place    | Note
-------+----------+-------------------------------------------
     0 | D:1      | jimonade the Vine Stalker Fighter began the quest for the
                  | Orb.
     0 | D:1      | Reached XP level 1. HP: 11/11 MP: 2/2
   130 | D:1      | Reached XP level 2. HP: 16/16 MP: 3/3
   597 | D:1      | Reached XP level 3. HP: 20/20 MP: 4/4
  1398 | D:2      | Gained mutation: Your natural rate of healing is unusually
                  | fast. [Vine Stalker growth]
  1398 | D:2      | Reached XP level 4. HP: 24/24 MP: 5/5
  1870 | D:3      | Found a basalt altar of Yredelemnul.
  1919 | D:3      | Found a faded altar of an unknown god.
  2109 | D:3      | Reached XP level 5. HP: 28/28 MP: 6/6
  2167 | D:3      | Found a sparkling altar of Nemelex Xobeh.
  2312 | D:3      | Identified the +0 leather armour of the Valley {rPois rN++
                  | Int+2 Stlth-}
  3112 | D:4      | Noticed an ogre
  3207 | D:4      | HP: 1/28 [acid (1)]
  3207 | D:4      | Splashed by a jelly's acid

Illustrated notes

Levels and vault maps discovered:
D:1:      amcnicky_arrival_gap_in_the_tavern_cellar, layout_basic
D:2:      layout_loops_ring, serial_aquarium, aquarium_bridge_square
          [aquarium_subvault_window, aquarium_subvault_wall,
          aquarium_subvault_bridge, aquarium_subvault_bridge],
          aquarium_window_2, aquarium_window_2, aquarium_window_corridor_1,
          aquarium_window_2, aquarium_view_2d, aquarium_view_2c
D:3:      layout_basic, mainiacjoe_overflow_surrounded_room,
          nemelex_altar_shiori, hellmonk_ecumenical_altar_pennies_from_heaven
D:4:      layout_rooms

Skill      XL: |  1  2  3  4  5 |
---------------+----------------+-----
Short Blades   | 2 3 |  3.7
Fighting       | 3 |  3.3
Shields        | 3 |  3.0
Armour         | 3 |  3.1
Dodging        | |  0.3
Stealth        | |  0.1

Action                     |  1- 3 |  4- 6 || total
---------------------------+-------+-------++-------
  Melee: Rapier            |   113 |   125 ||   238
         Bite              |    24 |    27 ||    51
    Use: Scroll            |       |     7 ||     7
 Armour: Scale mail        |    30 |    41 ||    71
         Leather armour    |       |    15 ||    15
  Dodge: Dodged            |    57 |    57 ||   114
  Block: Buckler           |    26 |    19 ||    45

Table legend: (Time is in decaauts)
 A = Elapsed time spent in this place.
 B = Non-inter-level travel time spent in this place.
 C = Inter-level travel time spent in this place.
 D = Time resting spent in this place.
 E = Time spent auto-exploring this place.
 F = Levels seen in this place.
 G = Mean time per level.
                   A        B        C        D        E       F      G
               +--------+--------+--------+--------+--------+-----+--------+
         Total |   3323 |   2920 |    403 |    113 |   2189 |   4 |  830.8 |
       Dungeon |   3323 |   2920 |    403 |    113 |   2189 |   4 |  830.8 |
               +--------+--------+--------+--------+--------+-----+--------+

Top non-repeatable levels by time:
     D:3: 1611 daAuts
     D:1: 864 daAuts
     D:2: 787 daAuts
     D:4: 60 daAuts
